TOP OF THE 1ST |
Memphis Music batting - Pitching for Quebec City Baby Blues : LHP Mitsunari Nakagawa
|
Pitching: LHP Mitsunari Nakagawa
|
|
Batting: RHB Alonso Acosta
|
0-0: Ground out 6-3 (Groundball, 6, EV 79.4 MPH)
|
Batting: RHB Dustin Wallace
|
0-0: Ball 1-0: DOUBLE (Line Drive, 5D, EV 103.8 MPH)
|
Batting: LHB Arnie Lowe
|
0-0: Ball 1-0: Called Strike 1-1: Fly out, F9 (Flyball, 9, EV 83.1 MPH)
|
Batting: RHB Salvador Chávez
|
0-0: Ball 1-0: Foul Ball, location: 2F 1-1: Ball 2-1: Foul Ball, location: 2F 2-2: SINGLE (Line Drive, 89M, EV 102.5 MPH) Dustin Wallace to third Runner from 3rd tries for Home, throw by CF and OUT! 8-2
|
Top of the 1st over - 0 runs, 2 hits, 0 errors, 1 left on base; Memphis 0 - Quebec City 0 |
BOTTOM OF THE 1ST |
Quebec City Baby Blues batting - Pitching for Memphis Music : LHP William Collins
|
Pitching: LHP William Collins
|
|
Batting: LHB Carlos Torres
|
0-0: Called Strike 0-1: Swinging Strike 0-2: Ground out 4-3 (Groundball, 4, EV 86.9 MPH)
|
Batting: RHB Alfonso Gómez
|
0-0: Ball 1-0: Ball 2-0: Foul Ball, location: 2F 2-1: Called Strike 2-2: Ball 3-2: Base on Balls
|
Batting: LHB Bill Arnold
|
0-0: Ball 1-0: Ball 2-0: Called Strike 2-1: Ball 3-1: Foul Ball, location: 2F 3-2: Base on Balls Alfonso Gómez to second
|
Batting: LHB Terry Reed
|
0-0: Ball 1-0: Fly out, F6 (Popup, 56D, EV 42.5 MPH)
|
Batting: LHB Jorge Trevino
|
0-0: Ball 1-0: Called Strike 1-1: Foul Ball, location: 2F 1-2: Strikes out swinging
|
Bottom of the 1st over - 0 runs, 0 hits, 0 errors, 2 left on base; Memphis 0 - Quebec City 0 |
TOP OF THE 2ND |
Memphis Music batting - Pitching for Quebec City Baby Blues : LHP Mitsunari Nakagawa
|
Batting: RHB Waihoroi Ieke
|
0-0: Fly out, F9 (Line Drive, 89M, EV 100.6 MPH)
|
Batting: RHB Rich Martin
|
0-0: Foul Ball, location: 2F 0-1: Foul Ball, location: 2F 0-2: Ball 1-2: Ball 2-2: Ball 3-2: Strikes out swinging
|
Batting: RHB Wen Xi
|
0-0: Called Strike 0-1: Ball 1-1: Foul Ball, location: 2F 1-2: Ball 2-2: Strikes out swinging
|
Top of the 2nd over - 0 runs, 0 hits, 0 errors, 0 left on base; Memphis 0 - Quebec City 0 |
BOTTOM OF THE 2ND |
Quebec City Baby Blues batting - Pitching for Memphis Music : LHP William Collins
|
Batting: RHB Zenon-Alejandro Palomares
|
0-0: Ball 1-0: Foul Ball, location: 2F 1-1: Called Strike 1-2: Ball 2-2: Fly out, F9 (Flyball, 9LM, EV 90.0 MPH)
|
Batting: RHB Wilson Ortíz
|
0-0: Fly out, F8 (Line Drive, 78M, EV 95.0 MPH)
|
Batting: RHB Boyd Horne
|
0-0: Foul Ball, location: 2F 0-1: Foul Ball, location: 2F 0-2: Ball 1-2: Foul Ball, location: 2F 1-2: Ground out U3 (Groundball, 3S, EV 70.0 MPH)
|
Bottom of the 2nd over - 0 runs, 0 hits, 0 errors, 0 left on base; Memphis 0 - Quebec City 0 |
TOP OF THE 3RD |
Memphis Music batting - Pitching for Quebec City Baby Blues : LHP Mitsunari Nakagawa
|
Batting: RHB Luis Marrero
|
0-0: Called Strike 0-1: Ball 1-1: Ball 2-1: Swinging Strike 2-2: Strikes out swinging
|
Batting: LHB Gilbert Guy
|
0-0: Foul Ball, location: 2F 0-1: Foul Ball, location: 2F 0-2: Fly out, F8 (Flyball, 8LM, EV 76.2 MPH)
|
Batting: RHB Alonso Acosta
|
0-0: Called Strike 0-1: Foul Ball, location: 2F 0-2: Ball 1-2: Foul Ball, location: 2F 1-2: Fly out, F8 (Flyball, 8RM, EV 76.2 MPH)
|
Top of the 3rd over - 0 runs, 0 hits, 0 errors, 0 left on base; Memphis 0 - Quebec City 0 |
BOTTOM OF THE 3RD |
Quebec City Baby Blues batting - Pitching for Memphis Music : LHP William Collins
|
Batting: RHB António Villa
|
0-0: Ball 1-0: Ball 2-0: Called Strike 2-1: Foul Ball, location: 2F 2-2: Ball 3-2: Base on Balls
|
Batting: LHB Carlos Torres
|
0-0: Hit by Pitch António Villa to second
|
Batting: RHB Alfonso Gómez
|
0-0: Ball 1-0: Ball 2-0: Ball 3-0: Base on Balls António Villa to third Carlos Torres to second
|
Batting: LHB Bill Arnold
|
0-0: Ball 1-0: Foul Ball, location: 2F 1-1: Ball 2-1: Foul Ball, location: 2F 2-2: Foul Ball, location: 2F 2-2: Foul Ball, location: 2F 2-2: Foul Ball, location: 2F 2-2: Fly out, F7 (Flyball, 7D, EV 105.6 MPH) Runner from 3rd tags up, SCORES, no throw by LF
|
Batting: LHB Terry Reed
|
0-0: Ball 1-0: Swinging Strike 1-1: Ball 2-1: Called Strike 2-2: Ball 3-2: Foul Ball, location: 2F 3-2: Strikes out swinging
|
Batting: LHB Jorge Trevino
|
0-0: Ball 1-0: Foul Ball, location: 2F 1-1: Fly out, F7 (Flyball, 7, EV 94.4 MPH)
|
Bottom of the 3rd over - 1 run, 0 hits, 0 errors, 2 left on base; Memphis 0 - Quebec City 1 |
TOP OF THE 4TH |
Memphis Music batting - Pitching for Quebec City Baby Blues : LHP Mitsunari Nakagawa
|
Batting: RHB Dustin Wallace
|
0-0: Swinging Strike 0-1: Ground out 1-3 (Groundball, 15S, EV 75.0 MPH)
|
Batting: LHB Arnie Lowe
|
0-0: Ball 1-0: Ball 2-0: Called Strike 2-1: Ball 3-1: Swinging Strike 3-2: Foul Ball, location: 2F 3-2: Strikes out swinging
|
Batting: RHB Salvador Chávez
|
0-0: Ball 1-0: Ball 2-0: Called Strike 2-1: Ball 3-1: Ground out 6-3 (Groundball, 6, EV 80.0 MPH)
|
Top of the 4th over - 0 runs, 0 hits, 0 errors, 0 left on base; Memphis 0 - Quebec City 1 |
BOTTOM OF THE 4TH |
Quebec City Baby Blues batting - Pitching for Memphis Music : LHP William Collins
|
Batting: RHB Zenon-Alejandro Palomares
|
0-0: Swinging Strike 0-1: Fly out, F5 (Popup, 5, EV 61.9 MPH)
|
Batting: RHB Wilson Ortíz
|
0-0: Ball 1-0: Foul Ball, location: 2F 1-1: Ground out 4-3 (Groundball, 4, EV 105.0 MPH)
|
Batting: RHB Boyd Horne
|
0-0: Ball 1-0: Swinging Strike 1-1: Called Strike 1-2: Strikes out swinging
|
Bottom of the 4th over - 0 runs, 0 hits, 0 errors, 0 left on base; Memphis 0 - Quebec City 1 |
TOP OF THE 5TH |
Memphis Music batting - Pitching for Quebec City Baby Blues : LHP Mitsunari Nakagawa
|
Batting: RHB Waihoroi Ieke
|
0-0: Fly out, F5 (Line Drive, 5, EV 76.2 MPH)
|
Batting: RHB Rich Martin
|
0-0: Called Strike 0-1: Swinging Strike 0-2: Strikes out swinging
|
Batting: RHB Wen Xi
|
0-0: Called Strike 0-1: Ball 1-1: Foul Ball, location: 2F 1-2: Foul Ball, location: 2F 1-2: Strikes out looking
|
Top of the 5th over - 0 runs, 0 hits, 0 errors, 0 left on base; Memphis 0 - Quebec City 1 |
BOTTOM OF THE 5TH |
Quebec City Baby Blues batting - Pitching for Memphis Music : LHP William Collins
|
Batting: RHB António Villa
|
0-0: Fly out, F4 (Popup, 34D, EV 44.4 MPH)
|
Batting: LHB Carlos Torres
|
0-0: Ball 1-0: Ground out 5-3 (Groundball, 56, EV 83.8 MPH)
|
Batting: RHB Alfonso Gómez
|
0-0: Ball 1-0: Ball 2-0: Foul Ball, location: 2F 2-1: Called Strike 2-2: Fly out, F2 (Popup, 2RF, EV 89.4 MPH)
|
Bottom of the 5th over - 0 runs, 0 hits, 0 errors, 0 left on base; Memphis 0 - Quebec City 1 |
TOP OF THE 6TH |
Memphis Music batting - Pitching for Quebec City Baby Blues : LHP Mitsunari Nakagawa
|
Batting: RHB Luis Marrero
|
0-0: Foul Ball, location: 2F 0-1: Ball 1-1: Ball 2-1: Ball 3-1: Foul Ball, location: 2F 3-2: Fly out, F9 (Line Drive, 9, EV 87.5 MPH)
|
Batting: LHB Gilbert Guy
|
0-0: Called Strike 0-1: Called Strike 0-2: Ball 1-2: Strikes out looking
|
Batting: RHB Alonso Acosta
|
0-0: Ball 1-0: Fly out, F7 (Flyball, 7D, EV 94.4 MPH)
|
Top of the 6th over - 0 runs, 0 hits, 0 errors, 0 left on base; Memphis 0 - Quebec City 1 |
BOTTOM OF THE 6TH |
Quebec City Baby Blues batting - Pitching for Memphis Music : LHP William Collins
|
Batting: LHB Bill Arnold
|
0-0: Swinging Strike 0-1: Ball 1-1: Foul Ball, location: 2F 1-2: Ground out 4-3 (Groundball, 4, EV 81.2 MPH)
|
Batting: LHB Terry Reed
|
0-0: Called Strike 0-1: Ball 1-1: Foul Ball, location: 2F 1-2: Ball 2-2: Ball 3-2: Foul Ball, location: 2F 3-2: Foul Ball, location: 2F 3-2: Fly out, F5 (Popup, 5F, EV 84.4 MPH)
|
Batting: LHB Jorge Trevino
|
0-0: Ball 1-0: Ball 2-0: Called Strike 2-1: SINGLE (Line Drive, 89S, EV 91.2 MPH)
|
Pitching: RHP Hjalmar Roozen
|
|
Batting: RHB Zenon-Alejandro Palomares
|
0-0: Ball 1-0: Called Strike 1-1: Ground out 5-3 (Groundball, 5S, EV 75.0 MPH)
|
Bottom of the 6th over - 0 runs, 1 hit, 0 errors, 1 left on base; Memphis 0 - Quebec City 1 |
TOP OF THE 7TH |
Memphis Music batting - Pitching for Quebec City Baby Blues : LHP Mitsunari Nakagawa
|
Batting: RHB Dustin Wallace
|
0-0: Ball 1-0: Swinging Strike 1-1: Ball 2-1: Ball 3-1: Ground out 5-3 (Groundball, 56, EV 78.8 MPH)
|
Batting: LHB Arnie Lowe
|
0-0: Swinging Strike 0-1: Ball 1-1: Foul Ball, location: 2F 1-2: Strikes out swinging
|
Batting: RHB Salvador Chávez
|
0-0: Ball 1-0: Called Strike 1-1: Foul Ball, location: 2F 1-2: Strikes out swinging
|
Top of the 7th over - 0 runs, 0 hits, 0 errors, 0 left on base; Memphis 0 - Quebec City 1 |
BOTTOM OF THE 7TH |
Quebec City Baby Blues batting - Pitching for Memphis Music : RHP Hjalmar Roozen
|
Batting: RHB Wilson Ortíz
|
0-0: Called Strike 0-1: Called Strike 0-2: Ball 1-2: Strikes out swinging
|
Batting: RHB Boyd Horne
|
0-0: Foul Ball, location: 2F 0-1: Foul Ball, location: 2F 0-2: Strikes out swinging
|
Batting: RHB António Villa
|
0-0: Ball 1-0: Ball 2-0: Called Strike 2-1: Swinging Strike 2-2: Ball 3-2: Strikes out swinging
|
Bottom of the 7th over - 0 runs, 0 hits, 0 errors, 0 left on base; Memphis 0 - Quebec City 1 |
TOP OF THE 8TH |
Memphis Music batting - Pitching for Quebec City Baby Blues : LHP Mitsunari Nakagawa
|
Batting: RHB Waihoroi Ieke
|
0-0: Foul Ball, location: 2F 0-1: Ground out 6-3 (Groundball, 6, EV 80.0 MPH)
|
Pinch Hitting: RHB Martin Sweetman
|
0-0: Foul Ball, location: 2F 0-1: Ball 1-1: Ball 2-1: SINGLE (Groundball, 56D, EV 101.9 MPH)
|
Batting: RHB Wen Xi
|
0-0: Ball 1-0: Sac Bunt to 13 - play at first, batter OUT! 1-3 Martin Sweetman to second
|
Pinch Hitting: LHB Felipe Delgado
|
0-0: Ground out U3 (Groundball, 34S, EV 88.1 MPH)
|
Top of the 8th over - 0 runs, 1 hit, 0 errors, 1 left on base; Memphis 0 - Quebec City 1 |
BOTTOM OF THE 8TH |
Quebec City Baby Blues batting - Pitching for Memphis Music : RHP Hjalmar Roozen
|
Now at 2B: Ignat Naidenko
|
|
Now in CF: José Dalumba
|
|
Batting: LHB Carlos Torres
|
0-0: Called Strike 0-1: Ball 1-1: Ball 2-1: Called Strike 2-2: Strikes out looking
|
Batting: RHB Alfonso Gómez
|
0-0: Ball 1-0: Ball 2-0: Called Strike 2-1: Fly out, F9 (Flyball, 9LD, EV 100.6 MPH)
|
Batting: LHB Bill Arnold
|
0-0: Foul Ball, location: 2F 0-1: Swinging Strike 0-2: Foul Ball, location: 2F 0-2: Foul Ball, location: 2F 0-2: Ball 1-2: Ball 2-2: Ball 3-2: Foul Ball, location: 2F 3-2: Fly out, F8 (Line Drive, 8RD, EV 93.8 MPH)
|
Bottom of the 8th over - 0 runs, 0 hits, 0 errors, 0 left on base; Memphis 0 - Quebec City 1 |
TOP OF THE 9TH |
Memphis Music batting - Pitching for Quebec City Baby Blues : LHP Mitsunari Nakagawa
|
Pitching: RHP Juan Sánchez
|
|
Now at 1B: Sen Otsuka
|
|
Now in RF: Luis Cruz
|
|
Pinch Hitting: LHB Eduardo Mendoza
|
0-0: Ground out 6-3 (Groundball, 56, EV 107.5 MPH)
|
Batting: RHB Alonso Acosta
|
0-0: Ball 1-0: SINGLE (Groundball, 34D, EV 101.9 MPH)
|
Batting: RHB Dustin Wallace
|
0-0: Ball 1-0: Foul Ball, location: 2RF, Error on foul ball, E2 1-1: Ball 2-1: Ball 3-1: Foul Ball, location: 2F 3-2: SINGLE (Line Drive, 8RS, EV 89.4 MPH) Alonso Acosta to second Runner from 2nd tries for 3rd, SAFE, throw by CF made to third
|
Batting: LHB Arnie Lowe
|
0-0: Ball 1-0: Foul Ball, location: 2F 1-1: Foul Ball, location: 2F 1-2: Ball 2-2: Ball 3-2: Fly out, F8 (Flyball, 8RM, EV 80.0 MPH)
|
Batting: RHB Salvador Chávez
|
0-0: Foul Ball, location: 2F 0-1: SINGLE (Flyball, 78S, EV 85.0 MPH) Alonso Acosta scores Dustin Wallace to second Runner from 2nd tries for 3rd, SAFE, no throw by CF
|
Batting: RHB Waihoroi Ieke
|
0-0: Ball 1-0: Called Strike 1-1: Ball 2-1: Fly out, F9 (Line Drive, 9LM, EV 94.4 MPH)
|
Top of the 9th over - 1 run, 3 hits, 1 error, 2 left on base; Memphis 1 - Quebec City 1 |
BOTTOM OF THE 9TH |
Quebec City Baby Blues batting - Pitching for Memphis Music : RHP Hjalmar Roozen
|
Now in LF: Eduardo Mendoza
|
|
Batting: LHB Terry Reed
|
0-0: Called Strike 0-1: Ball 1-1: Swinging Strike 1-2: Ball 2-2: Ground out U3 (Groundball, 3L, EV 86.2 MPH)
|
Batting: LHB Jorge Trevino
|
0-0: Fly out, F7 (Flyball, 7, EV 72.5 MPH)
|
Batting: RHB Zenon-Alejandro Palomares
|
0-0: Foul Ball, location: 2F 0-1: Swinging Strike 0-2: Ball 1-2: Ground out U3 (Groundball, 34S, EV 81.9 MPH)
|
Bottom of the 9th over - 0 runs, 0 hits, 0 errors, 0 left on base; Memphis 1 - Quebec City 1 |
TOP OF THE 10TH |
Memphis Music batting - Pitching for Quebec City Baby Blues : RHP Juan Sánchez
|
Pitching: RHP Manuel Árias
|
|
Pinch Hitting: RHB Michael Austin
|
0-0: Called Strike 0-1: Ball 1-1: Swinging Strike 1-2: Ball 2-2: Foul Ball, location: 2F 2-2: Strikes out looking
|
Batting: RHB Wen Xi
|
0-0: Ball 1-0: Swinging Strike 1-1: Ball 2-1: Swinging Strike 2-2: Foul Ball, location: 2F 2-2: Strikes out swinging
|
Batting: LHB Ignat Naidenko
|
0-0: Called Strike 0-1: Ground out 6-3 (Groundball, P, EV 86.9 MPH)
|
Top of the 10th over - 0 runs, 0 hits, 0 errors, 0 left on base; Memphis 1 - Quebec City 1 |
BOTTOM OF THE 10TH |
Quebec City Baby Blues batting - Pitching for Memphis Music : RHP Hjalmar Roozen
|
Now in CF: Martinho Vido
|
|
Pinch Hitting: RHB Miguel Angel Flores
|
0-0: Fly out, F4 (Popup, 4D, EV 45.6 MPH)
|
Pinch Hitting: RHB Jacob Pierce
|
0-0: Called Strike 0-1: Ball 1-1: Foul Ball, location: 2F 1-2: Strikes out swinging
|
Pinch Hitting: RHB Qi-zhen Wang
|
0-0: Foul Ball, location: 2F 0-1: Swinging Strike 0-2: Strikes out swinging
|
Bottom of the 10th over - 0 runs, 0 hits, 0 errors, 0 left on base; Memphis 1 - Quebec City 1 |
TOP OF THE 11TH |
Memphis Music batting - Pitching for Quebec City Baby Blues : RHP Manuel Árias
|
Now at C: Arend de Wit
|
|
Now at 2B: Miguel Angel Flores
|
|
Now at SS: António Muñóz
|
|
Batting: LHB Eduardo Mendoza
|
0-0: Ball 1-0: Ball 2-0: Ball 3-0: Base on Balls
|
Batting: RHB Alonso Acosta
|
0-0: Ball 1-0: Bunt missed! 1-1: Sac Bunt to 13 - play at first, batter OUT! 1-3 Eduardo Mendoza to second
|
Batting: RHB Dustin Wallace
|
0-0: Ball 1-0: Called Strike 1-1: Called Strike 1-2: Strikes out swinging
|
Batting: LHB Arnie Lowe
|
0-0: Intentional Walk
|
Batting: RHB Salvador Chávez
|
0-0: Ball 1-0: Foul Ball, location: 2F 1-1: Ball 2-1: Called Strike 2-2: Foul Ball, location: 2F 2-2: Strikes out looking
|
Top of the 11th over - 0 runs, 0 hits, 0 errors, 2 left on base; Memphis 1 - Quebec City 1 |
BOTTOM OF THE 11TH |
Quebec City Baby Blues batting - Pitching for Memphis Music : RHP Hjalmar Roozen
|
Batting: RHB Luis Cruz
|
0-0: SINGLE (Line Drive, 4D, EV 110.0 MPH)
|
Batting: RHB Sen Otsuka
|
0-0: Ball 1-0: Foul Ball, location: 2F 1-1: Foul Ball, location: 2F 1-2: Ball 2-2: Foul Ball, location: 2F 2-2: Strikes out swinging
|
Pitching: RHP Zander Graves
|
|
Batting: LHB Bill Arnold
|
0-0: Ball 1-0: Foul Ball, location: 2F 1-1: Foul Ball, location: 2F 1-2: Foul Ball, location: 2F 1-2: Ball 2-2: Foul Ball, location: 2F 2-2: Foul Ball, location: 2F 2-2: Fly out, F3 (Popup, 3SF, EV 70.6 MPH)
|
Batting: LHB Terry Reed
|
0-0: Called Strike 0-1: Ball 1-1: Ball 2-1: Foul Ball, location: 2F 2-2: Foul Ball, location: 2F 2-2: Strikes out swinging
|
Bottom of the 11th over - 0 runs, 1 hit, 0 errors, 1 left on base; Memphis 1 - Quebec City 1 |
TOP OF THE 12TH |
Memphis Music batting - Pitching for Quebec City Baby Blues : RHP Manuel Árias
|
Pitching: RHP Jorge Cortéz
|
|
Batting: RHB Waihoroi Ieke
|
0-0: Ball 1-0: Foul Ball, location: 2F 1-1: DOUBLE (Flyball, 78D, EV 97.5 MPH)
|
Batting: SHB Martinho Vido
|
0-0: Ball 1-0: Ball 2-0: Swinging Strike 2-1: Ball 3-1: Base on Balls
|
Batting: RHB Wen Xi
|
0-0: Ball 1-0: Fly out, F7 (Flyball, 78D, EV 98.8 MPH)
|
Batting: LHB Ignat Naidenko
|
0-0: Called Strike 0-1: Ball 1-1: Ball 2-1: Foul Ball, location: 2F 2-2: SINGLE (Groundball, 4MD, EV 108.8 MPH) Waihoroi Ieke to third Martinho Vido to second
|
Batting: LHB Eduardo Mendoza
|
0-0: Called Strike 0-1: Called Strike 0-2: Ball 1-2: Foul Ball, location: 2F 1-2: Ball 2-2: Strikes out swinging
|
Pitching: LHP Greg Trierum
|
|
Batting: RHB Alonso Acosta
|
0-0: GRAND SLAM HOME RUN (Flyball, 78XD, EV 105.6 MPH), Distance : 415 ft
|
Batting: RHB Dustin Wallace
|
0-0: Ball 1-0: DOUBLE (Flyball, 8LXD, EV 108.1 MPH)
|
Batting: LHB Arnie Lowe
|
0-0: Ball 1-0: Fly out, F7 (Flyball, 7S, EV 91.2 MPH)
|
Top of the 12th over - 4 runs, 4 hits, 0 errors, 1 left on base; Memphis 5 - Quebec City 1 |
BOTTOM OF THE 12TH |
Quebec City Baby Blues batting - Pitching for Memphis Music : RHP Zander Graves
|
Batting: LHB Jorge Trevino
|
0-0: Ball 1-0: Called Strike 1-1: Ball 2-1: Fly out, F9 (Flyball, 9D, EV 108.8 MPH)
|
Pinch Hitting: RHB Ted Goderie
|
0-0: Ball 1-0: Ball 2-0: Ball 3-0: Called Strike 3-1: SINGLE (Flyball, 89S, EV 91.9 MPH)
|
Batting: RHB Miguel Angel Flores
|
0-0: Ball 1-0: Called Strike 1-1: Foul Ball, location: 2F 1-2: Ball 2-2: Strikes out swinging
|
Batting: RHB António Muñóz
|
0-0: Foul Ball, location: 2F 0-1: Swinging Strike 0-2: Ball 1-2: Ball 2-2: Strikes out swinging
|
Bottom of the 12th over - 0 runs, 1 hit, 0 errors, 1 left on base; Memphis 5 - Quebec City 1 |
|